 Dungeon Crawl Stone Soup version 0.27.1-33-g824d729ab1 (webtiles) character file.

Game seed: 15040521868559517237

73880 gpo23 the Severer (level 15, -10/208 HPs)
             Began as a Minotaur Berserker on Dec 4, 2021.
             Was the Champion of Trog.
             Killed from afar by a death drake (17 damage)
             ... with a foul vapour
             ... on level 2 of the Swamp.
             The game lasted 02:03:48 (20467 turns).

gpo23 the Severer (Minotaur Berserker)             Turns: 20467, Time: 02:03:48

Health: -10/208    AC: 21    Str: 34    XL:     15   Next: 5%
Magic:  14/14      EV: 13    Int:  4    God:    Trog [******]
Gold:   1475       SH:  0    Dex: 10    Spells: 14/14 levels left

rFire    . . .     SeeInvis .   i - +7 battleaxe (flame)
rCold    . . .     Faith    .   (shield currently unavailable)
rNeg     . . .     Spirit   .   F - +0 plate armour
rPois    .         Reflect  .   (helmet restricted)
rElec    .         Harm     .   g - +0 cloak
rCorr    +         Rampage  .   W - +0 pair of gloves
Will     +....                  E - +0 pair of boots
Stlth    ..........             m - amulet of regeneration
HPRegen  1.44/turn              z - +6 ring of strength
MPRegen  0.14/turn              Q - ring of resist corrosion

@: berserking, lethally poisoned (-10 -> -68), slowed, studying Armour
A: horns 2, retaliatory headbutt
a: Renounce Religion, Berserk, Trog's Hand, Brothers in Arms


You were on level 2 of the Swamp.
You worshipped Trog.
Trog was exalted by your worship.
You visited 3 branches of the dungeon, and saw 18 of its levels.
You also visited: Sewer.

You collected 1517 gold pieces.
You spent 42 gold pieces at shops.

Inventory:

Hand Weapons
 i - a +7 battleaxe of flaming (weapon)
 I - the +9 hand axe of Rijeceu {freeze, Dex+4}
   (You found it on level 7 of the Dungeon)

   It freezes those it strikes, dealing additional cold damage.
   It can also slow down cold-blooded creatures.
   Dex:       It affects your dexterity (+4).
Missiles
 c - 58 poisoned darts (quivered)
Armour
 g - a +0 cloak (worn)
 E - a +0 pair of boots (worn)
 F - a +0 plate armour (worn)
 W - a +0 pair of gloves (worn)
Jewellery
 e - a ring of flight
 m - an amulet of regeneration (around neck)
 s - a ring of protection from fire
 z - a +6 ring of strength (left hand)
 Q - a ring of resist corrosion (right hand)
Wands
 p - a wand of flame (7)
 M - a wand of mindburst (20)
 O - a wand of digging (8)
 R - a wand of charming (10)
 S - a wand of acid (5)
 U - a wand of iceblast (19)
 Z - a wand of polymorph (15)
Scrolls
 a - a scroll of enchant weapon
 h - 2 scrolls of brand weapon
 k - 3 scrolls of fog {unknown}
 l - a scroll of summoning
 n - 2 scrolls of identify
 o - 2 scrolls of silence {unknown}
 v - a scroll of blinking
 w - 2 scrolls of enchant armour {unknown}
 y - 2 scrolls of magic mapping {unknown}
 A - 2 scrolls of fear {unknown}
 B - 5 scrolls of teleportation
 G - 2 scrolls of torment {unknown}
 N - a scroll of acquirement
Potions
 b - 9 potions of curing
 f - 4 potions of degeneration {unknown}
 q - 2 potions of flight {unknown}
 t - 5 potions of haste
 u - 3 potions of invisibility {unknown}
 x - 3 potions of mutation
 C - 7 potions of lignification
 D - a potion of berserk rage
 H - 2 potions of might
 V - 2 potions of heal wounds
 X - 7 potions of ambrosia
Miscellaneous
 K - a tin of tremorstones (2/2)


   Skills:
 + Level 14.8 Fighting
 * Level 18.3 Axes
 + Level 14.8 Armour
 + Level 13.6 Dodging


You had 14 spell levels left.
You didn't know any spells.
Your spell library was empty.

Dungeon Overview and Level Annotations

Branches:
Dungeon (10/15)            Temple (0/1) D:4            Lair (6/6) D:8
  Swamp (2/4) Lair:3       Spider (0/4) Lair:3        Slime (0/5) Lair:6
  Sewer (visited)
    Orc: D:9-12

Altars:
Ashenzari
Cheibriados
Dithmenos
Elyvilon
Gozag
Hepliaklqana
Nemelex Xobeh
Qazlal
Uskayaw
The Shining One

Shops:
D:7 *   D:8 *

Annotations:
D:5 1 runed translucent door - poison protection needed
Lair:1 exclusion: oklob plant


Innate Abilities, Weirdness & Mutations

You have a pair of horns on your head.
You reflexively headbutt those who attack you in melee.


Message History

You are more poisoned.
You feel extremely sick.
The death drake bites you but does no damage.
The death drake bites you.
You miss the death drake.
The death drake is heavily wounded.
You are engulfed in dark miasma.
You are more poisoned.
You feel as though you will be slow longer.
You feel extremely sick. The death drake barely misses you.
You closely miss the death drake. Your headbutt misses the death drake.
The death drake is heavily wounded.
You are engulfed in dark miasma.
You are lethally poisoned!
You feel as though you will be slow longer.
* * * LOW HITPOINT WARNING * * *
You feel extremely sick. The death drake breathes miasma at you.
The foul vapour misses you.
The death drake bites you but does no damage.
Press: ? - help, v - describe, . - travel
Here: a death drake (foul pestilence, heavily wounded)
The floor.
A red film seems to cover your vision as you go berserk!
You feel yourself moving faster!
You feel mighty!
You are engulfed in dark miasma.
You are more poisoned.
* * * LOW HITPOINT WARNING * * *
You feel extremely sick. The death drake closely misses you. x2
You slice the death drake!! You burn the death drake.
The death drake is almost dead.
* * * LOW HITPOINT WARNING * * *
You feel extremely sick. The death drake breathes miasma at you.
The foul vapour engulfs you!
You are more poisoned.
You feel as though you will be slow longer.
You die...

♣.≈≈≈.......≈..≈...♣♣
.≈..≈.≈....≈......≈♣♣♣♣
♣≈≈.....≈.........≈....♣
♣...≈.......###.#..≈...≈
.≈.........##...##..§....
.≈.≈......##.....##....≈≈
≈..§..≈...#...#°.°#..≈≈≈≈
≈....≈≈≈..'÷.#.#°°...≈...
.≈....≈...#...#°@°#..≈≈.
≈≈.....≈..#...°°k#...≈..
.≈.....≈...##...##..≈≈≈≈
≈.≈≈≈≈......$#### .≈≈≈>≈
♣.....≈...... ≈≈≈...
♣....≈....≈. ...≈≈
.≈≈......≈≈. .≈≈§
♣.........≈)≈.
.≈≈≈≈≈≈≈....≈♣


You could see a death drake (catching breath).

Vanquished Creatures
  A dire elephant (Lair:6)
  A bunyip (Swamp:1)
  An eleionoma (Swamp:1)
  Josephine (Lair:4)
  A spriggan air mage (Swamp:2)
  4 catoblepae
  7 hydras
  A boulder beetle (Lair:5)
  The ghost of benappo the Thaumaturge, a journeyman DjCj (D:10)
  2 alligators (Swamp:2)
  2 two-headed ogres (D:9)
  14 death yaks
  Urug (Lair:6)
  Nergalle (Lair:3)
  Sonja (Lair:3)
  A goliath frog (Swamp:2)
  2 bog bodies
  2 lindwurms (Lair:5)
  4 wolf spiders
  A will-o-the-wisp (Swamp:1)
  2 manticores (Lair:6)
  7 elephants
  A torpor snail (Lair:3)
  6 black mambas
  15 cane toads
  An unseen horror (D:10)
  2 rime drakes (Lair:6)
  5 komodo dragons
  A troll (D:9)
  A queen bee (Lair:1)
  2 jumping spiders (Lair:5)
  13 polar bears
  2 tyrant leeches (Swamp:1)
  Prince Ribbit (D:6)
  A raiju (Lair:6)
  28 blink frogs
  2 dream sheep (Lair:6)
  3 redbacks (Lair:3)
  5 wyverns
  26 yaks
  2 shadows (D:10)
  5 wraiths
  Eustachio (D:5)
  A basilisk (Lair:6)
  3 steam dragons (D:7)
  Menkaure (D:4)
  Edmund (D:4)
  4 swamp worms (Swamp:1)
  4 vampire mosquitoes (Swamp:1)
  4 wargs (Lair:6)
  19 water moccasins
  16 hell hounds (Lair:6)
  4 orc warriors
  2 swamp drakes (Swamp:1)
  2 sky beasts
  12 black bears
  An ice beast (D:8)
  A necrophage (D:5)
  An ogre (D:7)
  7 centaurs
  35 wolves
  A phantom (D:7)
  3 kobold brigands
  3 gnoll sergeants
  12 bullfrogs
  10 scorpions
  31 killer bees
  5 wights
  A howler monkey (D:7)
  2 electric eels
  4 hounds
  A jelly (D:5)
  3 lava snakes (Lair:5)
  A gnoll shaman (D:6)
  A centaur skeleton (D:7)
  10 orc priests
  3 bullfrog skeletons
  An iguana (D:6)
  2 hell rats
  8 orc wizards
  2 killer bee zombies
  A hound zombie (D:5)
  2 howler monkey zombies (D:8)
  Robin (D:4)
  10 adders
  A howler monkey skeleton (D:7)
  3 river rats (D:8)
  12 gnolls
  A shadow imp (D:5)
  A white imp (D:5)
  2 worms
  6 dart slugs
  33 orcs
  4 bats
  8 endoplasms
  4 giant cockroaches
  18 goblins
  5 hobgoblins
  14 jackals
  28 kobolds
  3 quokkas
  13 ball pythons
  6 frilled lizards
  15 rats
594 creatures vanquished.

Vanquished Creatures (others)
  2 wraiths (D:10)
  4 foxfires (Swamp:1)
  20 fungi
  98 plants
124 creatures vanquished.

Grand Total: 718 creatures vanquished

Notes
Turn   | Place    | Note
-------+----------+-------------------------------------------
     0 | D:1      | gpo23 the Minotaur Berserker began the quest for the Orb.
     0 | D:1      | Reached XP level 1. HP: 19/19 MP: 0/0
   277 | D:1      | Reached XP level 2. HP: 27/27 MP: 1/1
   289 | D:1      | Found a faded altar of an unknown god.
   309 | D:1      | Reached skill level 4 in Axes
  1287 | D:2      | Reached XP level 3. HP: 30/33 MP: 2/2
  2026 | D:2      | Reached ** piety under Trog
  2042 | D:2      | Found a white marble altar of Elyvilon.
  2217 | D:2      | Reached XP level 4. HP: 34/40 MP: 3/3
  2875 | D:3      | Reached skill level 5 in Axes
  3142 | D:3      | Found a sparkling altar of Nemelex Xobeh.
  3500 | D:4      | Noticed a sky beast
  3509 | D:4      | Killed a sky beast
  3510 | D:4      | Reached XP level 5. HP: 47/47 MP: 4/4
  3590 | D:4      | Noticed Robin
  3607 | D:4      | Killed Robin
  3608 | D:4      | Reached XP level 6. HP: 55/55 MP: 5/5
  3615 | D:4      | Reached *** piety under Trog
  3788 | D:4      | Found a glowing drain.
  3801 | Sewer    | Entered a sewer
  3812 | Sewer    | Reached skill level 6 in Axes
  4141 | Sewer    | Reached skill level 5 in Fighting
  4469 | D:4      | Noticed Edmund
  4478 | D:4      | Killed Edmund
  4831 | D:4      | Found a staircase to the Ecumenical Temple.
  4868 | D:4      | Noticed Menkaure
  4873 | D:4      | Killed Menkaure
  4874 | D:4      | Reached XP level 7. HP: 61/61 MP: 6/6
  5122 | D:5      | Entered Level 5 of the Dungeon
  5182 | D:5      | Reached skill level 7 in Axes
  5231 | D:5      | Reached **** piety under Trog
  5232 | D:5      | Reached skill level 5 in Armour
  5621 | D:5      | Reached skill level 5 in Dodging
  5658 | D:5      | Found a runed translucent door.
  5660 | D:5      | Found a runed translucent door.
  5741 | D:5      | Reached XP level 8. HP: 69/70 MP: 7/7
  5822 | D:5      | Reached skill level 8 in Axes
  5851 | D:5      | Found a broken altar of Ashenzari.
  5854 | D:5      | Found an opulent altar of Gozag.
  5854 | D:5      | Noticed Eustachio
  5858 | D:5      | Killed Eustachio
  5894 | D:5      | Found a hazy altar of Hepliaklqana.
  5897 | D:5      | Found a hide-covered altar of Uskayaw.
  6438 | D:6      | Noticed Prince Ribbit
  6450 | D:6      | Killed Prince Ribbit
  6451 | D:6      | Reached skill level 9 in Axes
  6955 | D:7      | Reached XP level 9. HP: 61/79 MP: 8/8
  6980 | D:7      | Identified the +9 hand axe of Rijeceu {freeze, Dex+4}
  7081 | D:7      | Found Gizoypp's General Store.
  7195 | D:7      | Reached skill level 10 in Axes
  7644 | D:7      | Reached ***** piety under Trog
  8077 | D:8      | Reached skill level 11 in Axes
  8582 | D:8      | Noticed a death yak
  8603 | D:8      | Noticed a death yak
  8724 | D:8      | Noticed a death yak
  8725 | D:8      | Killed a death yak
  8725 | D:8      | Received a gift from Trog
  8726 | D:8      | Reached XP level 10. HP: 90/90 MP: 9/9
  8728 | D:8      | Killed a death yak
  8736 | D:8      | Killed a death yak
  8737 | D:8      | Reached skill level 12 in Axes
  8967 | D:8      | Found a staircase to the Lair.
  9052 | D:8      | Found a snail-covered altar of Cheibriados.
  9176 | D:8      | Found Emab's General Store.
  9275 | D:8      | Found a glowing golden altar of the Shining One.
  9657 | D:9      | Noticed a two-headed ogre
  9670 | D:9      | Killed a two-headed ogre
  9792 | D:9      | Reached XP level 11. HP: 99/99 MP: 10/10
  9808 | D:9      | Found a shadowy altar of Dithmenos.
  9887 | D:9      | Reached skill level 13 in Axes
  9951 | D:9      | Noticed a two-headed ogre
  9962 | D:9      | Killed a two-headed ogre
  9963 | D:9      | Reached skill level 10 in Fighting
 10092 | D:10     | Entered Level 10 of the Dungeon
 10216 | D:10     | Found a stormy altar of Qazlal.
 10528 | D:10     | Found a runed translucent gate.
 10528 | D:10     | Found a runed translucent gate.
 10528 | D:10     | Found a runed translucent gate.
 10530 | D:10     | Noticed benappo's ghost (journeyman DjCj)
 10912 | D:10     | Reached skill level 10 in Armour
 10922 | D:10     | Killed benappo's ghost
 11503 | D:8      | Bought a potion of lignification for 42 gold pieces
 11591 | Lair:1   | Entered Level 1 of the Lair of Beasts
 11601 | Lair:1   | Reached skill level 14 in Axes
 12114 | Lair:1   | Reached skill level 10 in Dodging
 12114 | Lair:1   | Reached XP level 12. HP: 110/110 MP: 11/11
 12806 | Lair:1   | Noticed a six-headed hydra
 12818 | Lair:1   | Killed a nine-headed hydra
 12819 | Lair:1   | Reached skill level 15 in Axes
 13438 | Lair:2   | Noticed a catoblepas
 13465 | Lair:2   | Killed a catoblepas
 13737 | Lair:2   | Noticed a five-headed hydra
 13745 | Lair:2   | Killed a six-headed hydra
 14197 | Lair:2   | Identified 2 scrolls of acquirement
 14198 | Lair:2   | Acquired a +4 battleaxe of flaming
 14253 | Lair:3   | Noticed a death yak
 14253 | Lair:3   | Noticed a death yak
 14255 | Lair:3   | Noticed a death yak
 14258 | Lair:3   | Noticed a death yak
 14260 | Lair:3   | Noticed a death yak
 14261 | Lair:3   | Killed a death yak
 14265 | Lair:3   | Killed a death yak
 14271 | Lair:3   | Killed a death yak
 14276 | Lair:3   | Killed a death yak
 14277 | Lair:3   | Killed a death yak
 14579 | Lair:3   | Noticed Sonja
 14581 | Lair:3   | Reached skill level 16 in Axes
 14585 | Lair:3   | Received a gift from Trog
 14588 | Lair:3   | Killed Sonja
 14613 | Lair:3   | Reached XP level 13. HP: 118/118 MP: 12/12
 15013 | Lair:3   | Found a hole to the Spider Nest.
 15014 | Lair:3   | Noticed Nergalle
 15017 | Lair:3   | Killed Nergalle
 15136 | Lair:3   | Found a staircase to the Swamp.
 15507 | Swamp:1  | Entered Level 1 of the Swamp
 15580 | Lair:4   | Noticed Josephine
 15762 | Lair:4   | Killed Josephine
 16598 | Lair:5   | Found a runed translucent door.
 16666 | Lair:5   | Reached skill level 17 in Axes
 17276 | Lair:5   | Received a gift from Trog
 17641 | Lair:5   | Found the +2 hood of the Assassin {Detection Stab+ Stlth++}
 17664 | Lair:5   | Found a runed translucent gate.
 17665 | Lair:5   | Found a runed translucent gate.
 17667 | Lair:5   | Found a runed translucent gate.
 17667 | Lair:5   | Found a runed translucent gate.
 17667 | Lair:5   | Found a runed translucent gate.
 17668 | Lair:5   | Found a runed translucent gate.
 17973 | Lair:6   | Entered Level 6 of the Lair of Beasts
 18302 | Lair:6   | Noticed Urug
 18309 | Lair:6   | Killed Urug
 18310 | Lair:6   | Reached XP level 14. HP: 103/129 MP: 13/13
 18543 | Lair:6   | Reached skill level 18 in Axes
 18754 | Lair:6   | Reached ****** piety under Trog
 18785 | Lair:6   | Received a gift from Trog
 19299 | Lair:6   | Found a staircase to the Slime Pits.
 19457 | Lair:6   | Acquired a manual of Armour
 19880 | Swamp:1  | Received a gift from Trog
 20235 | Swamp:2  | Reached XP level 15. HP: 95/139 MP: 14/14
 20467 | Swamp:2  | HP: 7/208 [poisoned by a death drake (dark miasma)]
 20467 | Swamp:2  | Killed from afar by a death drake

Illustrated notes

Levels and vault maps discovered:
D:1:      dpeg_arrival_ternary, layout_loops_corners,
          ebering_ecumenical_altar_webs, minmay_heptomino_l4
D:2:      layout_rooms, basic_altar
D:3:      layout_basic, nemelex_dance_club_becter
D:4:      layout_rooms, minmay_temple_entry_ruins, portal_sewer_entry_e,
          uniq_robin, uniq_edmund, uniq_menkaure
D:5:      lemuel_insect_pit, layout_loops_ring,
          grunt_temple_overflow_cloverleaf, uniq_eustachio
D:6:      layout_basic, uniq_prince_ribbit1
D:7:      minmay_skewed_foursquare, layout_basic, serial_shops,
          nicolae_shop_waterfront, kennysheep_generic_room_11
D:8:      layout_rooms, nicolae_tso_swordbearing_angel, cheibriados_altar_1,
          dpeg_lair_monsters, kennysheep_windowed_goal
D:9:      layout_cross, grunt_dithmenos_smoke_and_mirrors,
          minmay_fractal_squares_gapless_5
D:10:     layout_roguey, grunt_qazlal_sundering, gammafunk_ghost_spectres,
          serial_bayou_ford_a
Lair:1:   minmay_lair_oklob_tunnel, layout_cellular_growth, special_room
          [special_room_bee]
Lair:2:   layout_regular_city, infiniplex_staircase_pool, grunt_megastairs_5
Lair:3:   layout_cave_pods, swamp_mist, spider_nest_entry_webs, uniq_sonja,
          uniq_nergalle
Lair:4:   layout_roguey, minivault_19, uniq_josephine
Lair:5:   gammafunk_indiana_jones, layout_cave_pods, serial_bayou_shore_b
Lair:6:   hangedman_lair_in_review, layout_small_grid,
          hangedman_lair_caniforms_friends, slime_dummy,
          chequers_serial_rivers_large_a, grunt_forest_small_clearing_treed,
          serial_bayou_shore_b, uniq_urug
Swamp:1:  layout_basic_swamp, nicolae_swamp_fairy_circle, swamp_pool3
Swamp:2:  nzn_winding_woodlands_three_and_one
          [nzn_winding_woodlands_5x15_parted, nzn_winding_woodlands_5x15_pool,
          nzn_winding_woodlands_5x15_pathside_ponds,
          nzn_winding_woodlands_center_pierced_h], layout_basic_swamp,
          serial_swamp_ruin, hangedman_swamp_ruin_hall,
          evilmike_swamp_ruin_house_3, evilmike_swamp_ruin_house_2, swamp_pool1

Skill      XL: |  1  2  3  4  5  6  7  8  9 10 11 12 13 14 |
---------------+-------------------------------------------+-----
Axes           | 4 5 6 7 9 11 12 14 16 17 18 | 18.3
Fighting       | 4 5 6 7 8 9 11 12 13 14 | 14.8
Armour         | 3 4 5 6 8 9 10 11 13 14 | 14.8
Dodging        | 3 4 5 6 7 8 10 11 12 13 | 13.6

Action                   |  1- 3 |  4- 6 |  7- 9 | 10-12 | 13-15 || total
-------------------------+-------+-------+-------+-------+-------++-------
Melee: Hand axe          |    93 |   150 |    80 |    47 |       ||   370
       Headbutt          |    12 |    24 |    42 |    81 |   130 ||   289
       Flail             |       |       |   142 |       |       ||   142
       War axe           |       |       |       |   275 |       ||   275
       Battleaxe         |       |       |       |    51 |   455 ||   506
Throw: Dart              |    51 |    70 |   243 |    41 |    10 ||   415
       Stone             |       |     1 |       |       |       ||     1
Invok: Berserk           |     2 |     2 |     5 |     6 |     3 ||    18
       Trog's Hand       |       |       |       |     2 |       ||     2
Evoke: Wand              |       |     5 |       |     7 |       ||    12
  Use: Scroll            |       |     2 |     3 |    12 |     6 ||    23
Armor: Animal skin       |     4 |       |       |       |       ||     4
       Leather armour    |    13 |     4 |       |       |       ||    17
       Ring mail         |       |    39 |       |       |       ||    39
       Chain mail        |       |     1 |    57 |       |       ||    58
       Plate armour      |       |       |    79 |   232 |   252 ||   563
Dodge: Dodged            |    37 |    67 |   110 |   130 |   246 ||   590
Block: Kite shield       |       |       |    52 |   145 |       ||   197
